 Dungeon Crawl Stone Soup version 0.20.1-1-g8b1a95d (webtiles) character file.

206 Minstaer the Firebug (level 6, -2/36 HPs)
             Began as a Human Fire Elementalist on Nov 4, 2017.
             Was a Follower of Hepliaklqana.
             Slain by a quokka (3 damage)
             ... on level 4 of the Dungeon.
             The game lasted 00:21:10 (3065 turns).

Minstaer the Firebug (Human Fire Elementalist)      Turns: 3065, Time: 00:21:11

Health: -2/36      AC:  4    Str:  9    XL:     6   Next: 10%
Magic:  1/10       EV: 12    Int: 22    God:    Hepliaklqana [*.....]
Gold:   184        SH:  0    Dex: 13    Spells: 5/11 levels left

rFire    . . .     SeeInvis .   b - +0 quarterstaff
rCold    . . .     Gourm    .   (shield currently unavailable)
rNeg     . . .     Faith    .   j - +0 robe
rPois    .         Spirit   .   (no helmet)
rElec    .         Reflect  .   q - +0 cloak
rCorr    .         Harm     .   u - +0 pair of gloves
MR       .....                  (no boots)
Stlth    ++........             (no amulet)
Regen    0.2/turn               (no ring)
MPRegen  0.2/turn               (no ring)

@: brilliant, lethally poisoned (-2 -> -3)
A: reduced essence
a: Recall Ancestor, Ancestor Identity, Renounce Religion


You were on level 4 of the Dungeon.
You worshipped Hepliaklqana.
Hepliaklqana was aware of your devotion.
You were not hungry.

You visited 1 branch of the dungeon, and saw 4 of its levels.

You collected 184 gold pieces.

Inventory:

Hand Weapons
 a - a +0 hunting sling
 b - a +0 quarterstaff (weapon)
 g - a +0 club
 t - a +0 short sword of electrocution
Missiles
 e - 114 stones (quivered)
 l - 33 sling bullets
 s - 41 bolts
 A - 2 curare-tipped needles
Armour
 j - a +0 robe (worn)
 q - a +0 cloak (worn)
 u - a +0 pair of gloves (worn)
Jewellery
 n - an uncursed ring of stealth {unknown}
 y - an uncursed ring of see invisible {unknown}
 G - an uncursed ring of poison resistance {unknown}
Scrolls
 d - 2 scrolls of recharging {unknown}
 f - a scroll of identify {unknown}
 i - a scroll of fog {unknown}
 m - 2 scrolls of remove curse {unknown}
 o - a scroll of amnesia {unknown}
 r - 2 scrolls of enchant weapon {unknown}
 B - 2 scrolls of teleportation {unknown}
 C - a scroll of random uselessness {unknown}
 E - a scroll of immolation {unknown}
Potions
 k - a potion of ambrosia {unknown}
 p - a potion of flight {unknown}
 F - a potion of haste {unknown}
Books
 h - a book of Flames

   Spells                             Type                      Level
   a - Flame Tongue                   Conjuration/Fire             1
   b - Throw Flame                    Conjuration/Fire             2
   c - Conjure Flame                  Conjuration/Fire             3
   d - Inner Flame                    Hexes/Fire                   3
   e - Sticky Flame                   Conjuration/Fire             4
   f - Fireball                       Conjuration/Fire             5
Comestibles
 c - 6 bread rations
 v - a meat ration
 w - 5 chunks of flesh
 z - 3 fruits
 D - a royal jelly


   Skills:
 - Level 2.0 Dodging
 - Level 2.0 Stealth
 + Level 3.1 Spellcasting
 + Level 4.0 Conjurations
 + Level 4.0 Fire Magic


You had 5 spell levels left.
You knew the following spells:

 Your Spells              Type           Power        Failure   Level  Hunger
a - Flame Tongue          Conj/Fire      ####.        1%          1    None
b - Throw Flame           Conj/Fire      ####..       1%          2    ##.....
c - Conjure Flame         Conj/Fire      ####....     1%          3    ###....


Dungeon Overview and Level Annotations

Branches:
Dungeon (4/15)
 Temple: D:4-7

Altars:
Hepliaklqana
Kikubaaqudgha

Annotations:
D:4 Blork the orc


Message History

It was a potion of brilliance.
You feel clever all of a sudden. The quokka barely misses you.
The adder bites you.
* * * LOW HITPOINT WARNING * * *
The quokka closely misses you. The adder completely misses you.
* * * LOW HITPOINT WARNING * * *
You feel sick.
The quokka bites you but does no damage.
The adder closely misses you.
Found a sapphire potion.
The quokka bites you but does no damage.
The adder bites you but does no damage. The quokka misses you.
Found a stone staircase leading down.
* * * LOW HITPOINT WARNING * * *
You feel sick.
Found a stone staircase leading up.
The adder bites you but does no damage.
Something barely misses Xolani.
The quokka bites you.
You die...

##########
#.........# ####
#.........# #...
#.......†.# ..#
#...>.....# ##.#
##.........# ...#
####..........#
...#
####..!.S........#
.###
#......@r........#
...#
#.......##########
.#.# #.<.>...#
...# #...#...#
...# #.......#
...# #####...#
.#.# #.R.# .#.#
#.... ...#


You could see the friendly Xolani the ancestor, an adder and a quokka.

Vanquished Creatures
  Jessica (D:2)
  5 adders (D:2)
  3 gnolls (D:2)
  2 oozes
  4 dart slugs
  3 leopard geckos
  An orc (D:3)
  3 giant cockroaches
  5 goblins
  7 hobgoblins
  10 jackals
  8 kobolds
  3 quokkas
  4 bats
  6 frilled lizards
  6 rats
71 creatures vanquished.

Vanquished Creatures (collateral kills)
  An adder (D:2)
  A hobgoblin (D:3)
  2 jackals (D:4)
4 creatures vanquished.

Grand Total: 75 creatures vanquished

Notes
Turn   | Place    | Note
-------+----------+-------------------------------------------
     0 | D:1      | Minstaer the Human Fire Elementalist began the quest for the Orb.
     0 | D:1      | Reached XP level 1. HP: 13/13 MP: 3/3
   120 | D:1      | Reached XP level 2. HP: 19/19 MP: 0/5
   206 | D:1      | Learned a level 2 spell: Throw Flame
   557 | D:1      | Reached XP level 3. HP: 20/24 MP: 6/6
  1094 | D:2      | Noticed Jessica
  1101 | D:2      | Learned a level 3 spell: Conjure Flame
  1106 | D:2      | Killed Jessica
  1106 | D:2      | Reached XP level 4. HP: 30/30 MP: 1/7
  1432 | D:2      | Found an ancient bone altar of Kikubaaqudgha.
  1432 | D:2      | Found a hazy altar of Hepliaklqana.
  1447 | D:2      | Became a worshipper of Hepliaklqana the Forgotten
  1670 | D:2      | Reached XP level 5. HP: 30/31 MP: 7/9
  2659 | D:3      | Reached XP level 6. HP: 36/36 MP: 8/10
  2660 | D:3      | Reached * piety under Hepliaklqana
  3038 | D:4      | Noticed Blork the orc
  3059 | D:4      | HP: 1/36 [poisoned by an adder]
  3065 | D:4      | Slain by a quokka

Skill      XL: |  1  2  3  4  5  6 |
---------------+-------------------+-----
Conjurations   | 2 3 4 |  4.0
Spellcasting   | 3 |  3.1
Fire Magic     | 4 |  4.0
Dodging        | |  2.0
Stealth        | |  2.0

Action                   |  1- 3 |  4- 6 || total
-------------------------+-------+-------++-------
Melee: Unarmed           |     4 |       ||     4
       Club              |     1 |       ||     1
       Quarterstaff      |       |    16 ||    16
 Fire: Hunting sling     |    30 |    84 ||   114
 Cast: Flame Tongue      |    33 |    42 ||    75
       Throw Flame       |     2 |    17 ||    19
       Conjure Flame     |     1 |       ||     1
  Use: Potion            |       |     1 ||     1
  Eat: Chunk             |     1 |     7 ||     8
Armor: Robe              |     5 |    19 ||    24
Dodge: Dodged            |    16 |    30 ||    46
